 Dungeon Crawl Stone Soup version 0.21.0-3-g78d12a8 (webtiles) character file.

28 Gorice the Skirmisher (level 3, 0/28 HPs)
             Began as a Demonspawn Wanderer on Jan 13, 2018.
             Slain by a giant cockroach (1 damage)
             ... on level 1 of the Dungeon.
             The game lasted 00:04:11 (1121 turns).

Gorice the Skirmisher (Demonspawn Wanderer)         Turns: 1121, Time: 00:04:11

Health: 0/28       AC:  2    Str: 15    XL:     3   Next: 0%
Magic:  6/6        EV: 11    Int: 11    God:
Gold:   39         SH:  0    Dex: 12    Spells: 6/6 levels left

rFire    . . .     SeeInvis .   a - +0 short sword
rCold    . . .     Gourm    .   (no shield)
rNeg     . . .     Faith    .   e - +0 robe
rPois    .         Spirit   .   (no helmet)
rElec    .         Reflect  .   (no cloak)
rCorr    .         Harm     .   (no gloves)
MR       .....                  (no boots)
Stlth    ++........             m - amulet of rage
HPRegen  0.09/turn              j - ring of flight
MPRegen  0.10/turn              (no ring)

@: no status effects
A: nightstalker 1
a: Evoke Berserk Rage, Evoke Flight


You were on level 1 of the Dungeon.
You were hungry.

You visited 1 branch of the dungeon, and saw 1 of its levels.

You collected 39 gold pieces.

Inventory:

Hand Weapons
 a - a +0 short sword (weapon)
 b - a +0 blowgun
Missiles
 c - 7 poisoned needles
 i - 6 tomahawks (quivered)
 Y - 4 stones
Armour
 e - a +0 robe (worn)
Jewellery
 j - a ring of flight (left hand)
 k - an uncursed ring of ice
 m - an amulet of rage (around neck)
Scrolls
 h - a scroll of teleportation {unknown}
 l - a scroll of identify {unknown}
 n - a scroll of blinking {unknown}
 p - a scroll of noise {unknown}
Books
 d - the Reference Book on Envenoming

   Spells                             Type                      Level
   a - Sting                          Conjuration/Poison           1
   b - Ignite Poison                  Fire/Transmutation/Poison    3
 g - a book of Air
Comestibles
 f - 2 rations
 o - 2 chunks of flesh


   Skills:
 * Level 2.7 Fighting
   Level 1.7 Maces & Flails
 - Level 1.7 Throwing
 - Level 1.0 Armour
 - Level 2.0 Spellcasting
   Level 1.7 Air Magic
   Level 1.0 Poison Magic


You had 6 spell levels left.
You didn't know any spells.

Dungeon Overview and Level Annotations

Branches:
Dungeon (1/15)

Altars:


Innate Abilities, Weirdness & Mutations

You are slightly more attuned to the shadows.


Message History

You are feeling hungry.
The jackal bites you.
* * * LOW HITPOINT WARNING * * *
Damage: 2 (max 3)
You barely miss the jackal.
The jackal is heavily wounded.
The jackal barely misses you. The jackal bites you.
* * * LOW HITPOINT WARNING * * *
Damage: 3 (max 3)
You hit the jackal.
The jackal is almost dead.
The jackal bites you.
* * * LOW HITPOINT WARNING * * *
The jackal closely misses you.
Damage: 1 (max 3)
You hit the jackal but do no damage.
The jackal is almost dead.
The jackal bites you.
* * * LOW HITPOINT WARNING * * *
Damage: 1 (max 3)
You hit the jackal.
You kill the jackal!
You hit the frilled lizard.
You kill the frilled lizard!
You barely miss the frilled lizard. The frilled lizard bites you.
* * * LOW HITPOINT WARNING * * *
Damage: 1 (max 3)
You miss the frilled lizard. The frilled lizard bites you.
* * * LOW HITPOINT WARNING * * *
Damage: 1 (max 3)
You hit the frilled lizard.
You kill the frilled lizard!
You have reached level 3!
Your experience leads to an increase in your attributes!
Increase (S)trength, (I)ntelligence, or (D)exterity?
You feel stronger. The giant cockroach barely misses you.
Some of the chunks of flesh in your inventory have rotted away.
You aren't carrying any potions.
You are too injured to fight recklessly!
You are too injured to fight recklessly!
You are too injured to fight recklessly!
You barely miss the giant cockroach. The giant cockroach barely misses you.
The giant cockroach bites you.
* * * LOW HITPOINT WARNING * * *
Damage: 1 (max 3)
You hit the giant cockroach.
The giant cockroach is severely wounded.
The giant cockroach bites you.
You die...

#..#g......#..
#......g..... ## #h#
#..#... #.##.# #..#.#
#.##l## ##....##.
#.##gg###...#....
#.###hr.......... # #.#
##s###..#... .
####.####@###..#
##..............# #..#
#######...#.####.##...#
#.#... ..........#.#
#.##...# #.#.##
.####.#...#.# #.##...##
#.#.## .####.#####.#
#.......# #....# ...##.#
#.# #.##....# #....#
##.##.#####.####.##....#
#....#
......#.......##.##....#
#.....


You could see 2 jackals, a giant cockroach, 2 hobgoblins, a frilled lizard and a
rat.

Vanquished Creatures
  A dart slug (D:1)
  A leopard gecko (D:1)
  3 bats (D:1)
  3 giant cockroaches (D:1)
  2 hobgoblins (D:1)
  2 jackals (D:1)
  3 frilled lizards (D:1)
  A goblin (D:1)
  5 kobolds (D:1)
  4 rats (D:1)
25 creatures vanquished.

Notes
Turn   | Place    | Note
-------+----------+-------------------------------------------
     0 | D:1      | Gorice the Demonspawn Wanderer began the quest for the Orb.
     0 | D:1      | Gorice set off with: a book of Air, the Reference Book on Envenoming, 11 poisoned needles, a +0 blowgun, a +0 robe, a ration
     0 | D:1      | Reached XP level 1. HP: 13/13 MP: 3/3
     0 | D:1      | Identified the Reference Book on Envenoming
    62 | D:1      | Reached skill level 1 in Fighting
   409 | D:1      | Gained mutation: You are slightly more attuned to the shadows. [demonic ancestry]
   409 | D:1      | Reached XP level 2. HP: 22/22 MP: 5/5
   448 | D:1      | Reached skill level 2 in Fighting
   459 | D:1      | HP: 4/22 [kobold/short sword (3)]
  1109 | D:1      | HP: 5/23 [jackal (3)]
  1114 | D:1      | HP: 2/23 [frilled lizard (1)]
  1116 | D:1      | Reached XP level 3. HP: 1/28 MP: 6/6
  1120 | D:1      | HP: 1/28 [giant cockroach (1)]
  1121 | D:1      | Slain by a giant cockroach

Skill      XL: |  1  2 |
---------------+-------+-----
Fighting       | 1 2 |  2.7
Maces & Flails | |  1.7
Throwing       | |  1.7
Armour         | |  1.0
Spellcasting   | |  2.0
Air Magic      | |  1.7
Poison Magic   | |  1.0

Action                   || total
-------------------------++-------
Melee: Short sword       ||    43
 Fire: Blowgun           ||    52
Throw: Tomahawk          ||     4
Armor: Robe              ||     8
Dodge: Dodged            ||    40

Table legend:
 A = Turns spent in this place as a percentage of turns spent in the entire game.
 B = Non-inter-level travel turns spent in this place as a percentage of non-inter-level travel turns spent in the entire game.
 C = Inter-level travel turns spent in this place as a percentage of turns spent in this place.
 D = Turns resting spent in this place as a percentage of non-inter-level travel turns spent in this place.
 E = Turns spent auto-exploring this place as a percentage of non-inter-level travel turns spent in this place.
 F = Non-inter-level travel turns spent in this place divided by the number of levels of this place that you've seen.
                   A       B       C       D       E      F
               +-------+-------+-------+-------+-------+----------------------
         Total | 100.0 | 100.0 |   0.0 |  33.4 |  27.6 | 1121.0
       Dungeon | 100.0 | 100.0 |   0.0 |  33.4 |  27.6 | 1121.0
               +-------+-------+-------+-------+-------+----------------------

Vault maps used:
D:1:      elethiomel_arrival_infinity_welcomes_careful_drivers, st_stairs_1,
          minmay_three_crescents
